 Seeded DCSS version 0.30.1-9-gdf580d7c3d (webtiles) character file.

Game seed: 7547814903460644772 (custom seed)

65 Psyclone the Stinger (level 4, 27/27 HPs)
             Began as an Octopode Venom Mage on Sept 27, 2023.
             Quit the game in a sewer.
             The game lasted 00:05:04 (810 turns).

Psyclone the Stinger (Octopode Venom Mage)           Turns: 810, Time: 00:05:05

Health: 27/27      AC:  1    Str:  7    XL:     4   Next: 14%
Magic:  7/7        EV: 13    Int: 19    God:
Gold:   214        SH:  0    Dex: 12    Spells: 4/7 levels left

rFire   . . .        c - +4 dagger (venom)
rCold   . . .        (no shield)
rNeg    . . .        (helmet restricted)
rPois   .            (no amulet)
rElec   .            (no ring)
rCorr   .            (no ring)
SInv    .            (no ring)
Will    .....        (no ring)
Stlth   +++          (no ring)
HPRegen 0.24/turn    (no ring)
MPRegen 0.10/turn    (no ring)
                     (no ring)

%: no passive effects
@: no status effects
A: almost no armour, amphibious, 8 rings, camouflage 1, gelatinous body 1,
(nimble swimmer 1), tentacles
a: no special abilities


You were in a sewer.
You visited 1 branch of the dungeon, and saw 5 of its levels.
You also visited: Sewer.

You collected 214 gold pieces.

Inventory:

Hand Weapons
 c - a +4 dagger of venom (weapon)
Scrolls
 b - a scroll of identify {unknown}
 e - a scroll of enchant armour {unknown}
Potions
 a - a potion of magic
 d - 4 potions of attraction {unknown}


   Skills:
 - Level 2.0 Dodging
 - Level 2.6 Stealth
 - Level 2.0 Spellcasting
 - Level 1.0 Transmutations
 + Level 5.9 Poison Magic


You had 4 spell levels left.
You knew the following spells:

 Your Spells              Type           Power      Damage    Failure   Level
a - Poisonous Vapours     Pois/Air       26%        N/A       8%          2
v - Sting                 Tmut/Pois      60%        1d6       4%          1

Your spell library contained the following spells:

 Spells                   Type           Power      Damage    Failure   Level
 Olgreb's Toxic Radiance  Pois           24%        N/A       14%         4
 Mephitic Cloud           Conj/Pois/Air  9%         N/A       22%         3


Dungeon Overview and Level Annotations

Branches:
Dungeon (5/15) Zot: 26696   Sewer (1/1) Zot: 5946
 Temple: D:4-7

Altars:
Gozag
Okawaru
Ru


Innate Abilities, Weirdness & Mutations

You cannot wear most types of armour.
You are amphibious.
You can wear up to eight rings at the same time.
Your skin changes colour to match your surroundings (Stealth+).
Your rubbery body absorbs attacks. (AC +1, EV +1)
((You are camouflaged when in or above water. (Stealth+)))
You have tentacles for arms and can constrict up to eight enemies at once.


Message History

You take 1 damage, and have 19/21 hp.
You now have 0/6 mp.
You hit the adder.
The adder is poisoned.
You squeeze the adder.
You kill the adder!
You see here an adder corpse.
Health restored: 21 Your magical contamination has completely faded away.
An adder comes into view.
Found a glowing drain.
The helpless adder fails to defend itself.
You puncture the adder!
You kill the adder!
You have reached level 4!
Health restored: 27 A worm comes into view.
You hear the brisk rusting of a drain.
The helpless worm fails to defend itself.
You puncture the worm!
The worm is poisoned.
You grab the worm.
The worm is almost dead.
You constrict the worm. The worm bites you.
You take 5 damage, and have 22/27 hp.
You hit the worm.
You kill the worm!
There is a glowing drain here.
The world spins around you as you enter the gateway.
You enter a sewer!
Found a gate leading back out of this place.
There is an empty arch of ancient stone here.
You start resting.
HP restored.
Health restored: 27 You regained 2 mp, and now have 4/7 mp.
You start resting.
Magic restored.
MP restored: 7 You open the door.
Found 13 gold pieces.
There is an open door here.
You now have 214 gold pieces (gained 13).
There is an open door here.
Are you sure you want to abandon this character and quit the game? (Confirm with "yes".)

######
+.~≈~.+
#.~≈~.#
#.~≈~.#
+.~≈~.+
#.~≈~.#
#.~≈~.####
+.~≈~.@..#
#.~≈~.####
#.~≈~.####
+..∩....∩#
#.~≈~.####
#.~≈~.#
+.~≈~.+
#.~≈~.#
#.~≈~.#


There were no monsters in sight!

Vanquished Creatures
  3 adders (D:4)
  A river rat (D:4)
  4 worms
  An orc (D:5)
  An endoplasm (D:1)
  2 goblins (D:4)
  A hobgoblin (D:1)
  4 jackals (D:4)
  2 frilled lizards
19 creatures vanquished.

Notes
Turn   | Place    | Note
-------+----------+-------------------------------------------
     0 | D:1      | Psyclone the Octopode Venom Mage began the quest for the
                  | Orb.
     0 | D:1      | Reached XP level 1. HP: 11/11 MP: 3/3
   193 | D:3      | Reached skill level 4 in Poison Magic
   363 | D:4      | Reached XP level 2. HP: 17/17 MP: 5/5
   378 | D:4      | Learned a level 2 spell: Poisonous Vapours
   454 | D:5      | Entered Level 5 of the Dungeon
   458 | D:5      | Found an opulent altar of Gozag.
   458 | D:5      | Found a sacrificial altar of Ru.
   459 | D:5      | Found an iron altar of Okawaru.
   484 | D:5      | Noticed an ogre
   700 | D:4      | Reached skill level 5 in Poison Magic
   700 | D:4      | Reached XP level 3. HP: 21/21 MP: 6/6
   747 | D:4      | Found a glowing drain.
   749 | D:4      | Reached XP level 4. HP: 27/27 MP: 1/7
   756 | Sewer    | Entered a sewer
   810 | Sewer    | Quit the game

Illustrated notes

Levels and vault maps discovered:
D:1:      lordsloth_arrival_two_stooges, layout_basic,
          chequers_ecumenical_altar_simple
D:2:      layout_loops_ring, uniq_jessica
D:3:      layout_loops_cross, ashenzari_conservatory_becter,
          nzn_wu_jian_council_hall, chequers_serial_rivers_room_a,
          grunt_decor_cap, hangedman_abyss_or_decor_lesser_grid,
          hangedman_decor_peaks_small, minmay_gold_behind_fungi, uniq_natasha,
          uniq_crazy_yiuf_cottage
D:4:      layout_loops_ring, grunt_temple_overflow_order_and_chaos_2,
          yredelemnul_altar_generic, nemelex_dance_club_becter,
          gup_sewer_entry_bubbles
D:5:      layout_loops_ring, grunt_temple_overflow_growth_and_decay,
          nicolae_overflow_quartered_altars, doesnt_shop_hydraphobe
Sewer:    kennysheep_door_sewer

Skill      XL: |  1  2 |
---------------+-------+-----
Poison Magic   | 4 5 |  5.9
Dodging        | |  2.0
Stealth        | |  2.6
Spellcasting   | |  2.0
Transmutations | |  1.0

Action                     |  1- 3 |  4- 6 || total
---------------------------+-------+-------++-------
  Melee: Dagger            |    25 |     2 ||    27
         Constrict         |     9 |     1 ||    10
         Tentacles         |     7 |       ||     7
   Cast: Sting             |     9 |       ||     9
         Poisonous Vapours |     4 |       ||     4
   Stab: Sleeping          |     3 |     1 ||     4
 Armour: Skin              |     2 |       ||     2
  Dodge: Dodged            |    13 |       ||    13
